 Dungeon Crawl Stone Soup version 0.26-a0-1107-g6118521029 (webtiles) character file.

Game seed: 12719758601367220256

26 Dracia the Unweaver (level 2, 0/24 HPs)
             Began as a Demonspawn Abyssal Knight on Dec 16, 2020.
             Was a Follower of Lugonu.
             Slain by a worm (11 damage)
             ... on level 2 of the Dungeon.
             The game lasted 00:00:59 (910 turns).

Dracia the Unweaver (Demonspawn Abyssal Knight)      Turns: 910, Time: 00:01:00

Health: 0/24       AC:  3    Str: 12    XL:     2   Next: 89%
Magic:  4/4        EV: 11    Int: 19    God:    Lugonu [*.....]
Gold:   35         SH:  0    Dex: 12    Spells: 1/1 levels left

rFire    . . .     SeeInvis .   a - +1 falchion
rCold    . . .     Faith    .   (no shield)
rNeg     . . .     Spirit   .   b - +0 leather armour
rPois    .         Reflect  .   (no helmet)
rElec    .         Harm     .   (no cloak)
rCorr    .         Rampage  .   (no gloves)
Will     .....                  (no boots)
Stlth    +.........             (no amulet)
HPRegen  0.08/turn              I - +6 ring of intelligence
MPRegen  0.09/turn              (no ring)

@: no status effects
A: talons 1
a: Depart the Abyss, Renounce Religion


You were on level 2 of the Dungeon.
You worshipped Lugonu.
Lugonu was aware of your devotion.
You visited 1 branch of the dungeon, and saw 2 of its levels.
You visited the Abyss 1 time.

You collected 35 gold pieces.


Innate Abilities, Weirdness & Mutations

You have sharp toenails.


   Skills:
 - Level 3.0 Fighting
 + Level 2.5 Long Blades
 - Level 1.7 Armour
 - Level 0.8 Dodging
 + Level 3.6 Invocations


You had one spell level left.
You didn't know any spells.
Your spell library was empty.

Inventory:

Hand Weapons
 a - a +1 falchion (weapon)
Armour
 b - a +0 leather armour (worn)
Jewellery
 I - a +6 ring of intelligence (left hand)
Scrolls
 e - a scroll of identify {unknown}
 f - a scroll of fear {unknown}
 i - a scroll of remove curse {unknown}
 j - a scroll of enchant weapon {unknown}
Potions
 c - a potion of degeneration {unknown}
 d - a potion of magic {unknown}
 g - a potion of haste {unknown}
 h - 3 potions of attraction {unknown}

Dungeon Overview and Level Annotations

Branches:
Dungeon (2/15)

Altars:

#.#.#.. #.#.#.### ##
##.#<....#
..#.>......(..
#.......#.#.#
+.......#.#(#
#.#.......#.#.# ###
......w@.†..#.##....
#.#.#.#####.#...(#
.......<.).....###
...?......†.†......
###...####...#...###
!.. ......#...# #
####...# .... .....
.... #..#.#. .#.#


You could see a worm.


Message History

The bat is moderately wounded.
The bat hits you. The bat hits you but does no damage.
You closely miss the bat. You claw the bat.
You kill the bat!
Lugonu accepts your kill.
No target in view!
A bat comes into view.
Found a stone staircase leading up.
Items here: ( ) ††.
A bat is nearby!
A bat is nearby!
Found a stone staircase leading down.
A bat is nearby!
A worm comes into view.
The bat hits you but does no damage.
You miss the bat. You claw the bat.
You kill the bat!
Lugonu accepts your kill.
You see here a bat corpse.
You barely miss the worm. The worm bites you!
* * * LOW HITPOINT WARNING * * *
You are too injured to fight recklessly!
You are too injured to fight recklessly!
You are too injured to fight recklessly!
Unknown command.
You barely miss the worm. You hit the worm. Your kick misses the worm.
The worm is moderately wounded.
The worm bites you!
You die...

Skill      XL: |  1 |
---------------+----+-----
Long Blades    | 2 |  2.5
Invocations    | 3 |  3.6
Fighting       | |  3.0
Armour         | |  1.7
Dodging        | |  0.8

Action                   || total
-------------------------++-------
Melee: Falchion          ||    60
       Kick              ||     5
Invok: Depart the Abyss  ||     1
Armor: Leather armour    ||    12
Dodge: Dodged            ||    45
       Rpst.: Falchion   ||    13

Levels and vault maps discovered:
D:1:      minmay_arrival_glassed_features, layout_rooms, eino_curves_04
D:2:      layout_basic, hex_large, minmay_split_cup_large,
          uniq_crazy_yiuf_cottage

Notes
Turn   | Place    | Note
-------+----------+-------------------------------------------
     0 | Abyss:1  | Dracia the Demonspawn Abyssal Knight began the quest for
                  | the Orb.
     0 | Abyss:1  | Reached XP level 1. HP: 18/18 MP: 2/2
    48 | Abyss:1  | Noticed a raiju
    50 | D:1      | You pass through the gate.
    50 | D:1      | Escaped the Abyss
   123 | D:1      | Reached skill level 2 in Long Blades
   208 | D:1      | Reached * piety under Lugonu
   209 | D:1      | Reached skill level 3 in Invocations
   238 | D:1      | Gained mutation: You have sharp toenails. [demonic
                  | ancestry]
   238 | D:1      | Reached XP level 2. HP: 21/24 MP: 4/4
   910 | D:2      | Slain by a worm

Vanquished Creatures
  A dart slug (D:1)
  2 ball pythons (D:1)
  4 goblins (D:1)
  4 hobgoblins (D:1)
  6 bats
  2 frilled lizards
  A kobold (D:2)
  5 rats
25 creatures vanquished.

Table legend: (Time is in decaauts)
 A = Elapsed time spent in this place.
 B = Non-inter-level travel time spent in this place.
 C = Inter-level travel time spent in this place.
 D = Time resting spent in this place.
 E = Time spent auto-exploring this place.
 F = Levels seen in this place.
 G = Mean time per level.
                   A        B        C        D        E       F      G
               +--------+--------+--------+--------+--------+-----+--------+
         Total |    920 |    914 |      6 |    185 |    588 |   3 |  306.7 |
       Dungeon |    870 |    864 |      6 |    185 |    541 |   2 |  435.0 |
         Abyss |     50 |     50 |      0 |      0 |     47 |   1 |   50.0 |
               +--------+--------+--------+--------+--------+-----+--------+

Top non-repeatable levels by time:
     D:1: 836 daAuts
 Abyss:1: 50 daAuts
     D:2: 33 daAuts

Table legend:
 A = Non-vault XP
 B = Vault XP
 C = Vault XP percentage of total XP
 D = Non-vault monster count
 E = Vault monster count
 F = Vault count percentage of total count
                 A         B        C        D         E       F
            +---------+---------+-------+---------+---------+-------
      Total |      38 |       0 |   0.0 |      25 |       0 |   0.0
            +---------+---------+-------+---------+---------+-------
        D:1 |      31 |       0 |   0.0 |      18 |       0 |   0.0
        D:2 |       7 |       0 |   0.0 |       7 |       0 |   0.0
            +---------+---------+-------+---------+---------+-------
